 Dungeon Crawl Stone Soup version 0.30-a0-125-g51eefa89be (webtiles) character file.

Game seed: 10737686095945124305

252765 porpoise the Brawler (level 19, 0/197 HPs)
             Began as a Troll Warper on Sept 17, 2022.
             Was the Champion of Ru.
             Slain by a tentacle (10 damage)
             ... attached to a kraken
             ... on level 2 of the Shoals on Sept 19, 2022.
             The game lasted 04:35:18 (40640 turns).

porpoise the Brawler (Troll Warper)                Turns: 40640, Time: 04:35:19

Health: 0/197      AC: 17    Str: 28    XL:     19   Next: 36%
Magic:  25/25      EV: 17    Int: 11    God:    Ru [******]
Gold:   1734       SH: 18    Dex: 17    Spells: 9/28 levels left

rFire   + . .      SeeInvis +      - Unarmed
rCold   + . .      Faith    .    b - +1 kite shield
rNeg    . . .      Spirit   .    k - quicksilver dragon scales "Lagh" {rElec Will+ rCorr Str+4}
rPois   +          Reflect  +    E - +3 crown of Dyrovepreva {rElec Int+2 SInv}
rElec   +          Harm     .    p - scarf {rC+ rF+}
rCorr   +          Rampage  .    (gloves unavailable)
Will    ++...                    (boots unavailable)
Stlth   ++........               A - amulet "Jukilura" {Reflect rPois rF+ SH+5}
HPRegen 1.22/turn                x - +4 ring of evasion
MPRegen 0.19/turn                S - ring of flight

@: flying
A: large, unfitting armour, claws 3, regeneration 1, shaggy fur 1, tough skin 1,
inability to use devices, no fire magic, no hexes magic, no necromancy magic,
missing an eye, temperature sensitive, thin skeletal structure 1, cold
resistance 1, mutation resistance 1, sense surroundings 1
}: 1/15 runes: gossamer
a: Renounce Religion, Draw Out Power, Power Leap, Apocalypse


You were on level 2 of the Shoals.
You worshipped Ru.
Ru was exalted by your worship.
You visited 6 branches of the dungeon, and saw 31 of its levels.
You visited the Abyss 1 time.
You visited 1 bazaar.
You also visited: Sewer, Bailey and Gauntlet.

You collected 3993 gold pieces.
You spent 2259 gold pieces at shops.

Inventory:

Missiles
 c - 48 large rocks (quivered)
 d - 8 javelins
 e - 8 boomerangs
 f - 10 atropa-tipped darts
 i - 5 boomerangs of dispersal
 D - 2 curare-tipped darts
Armour
 b - a +1 kite shield (worn)
 k - the quicksilver dragon scales "Lagh" (worn) {rElec Will+ rCorr Str+4}
   (You acquired it on level 1 of the Elven Halls)

   Str:       It affects your strength (+4).
   rElec:     It insulates you from electricity.
   rCorr:     It protects you from acid and corrosion.
   Will:      It increases your willpower.
 p - a scarf of resistance (worn)
 E - the +3 crown of Dyrovepreva (worn) {rElec Int+2 SInv}
   (You found it on level 3 of the Elven Halls)

   Int:       It affects your intelligence (+2).
   rElec:     It insulates you from electricity.
   SInv:      It lets you see invisible.
Jewellery
 g - a ring of see invisible
 r - a ring of positive energy
 x - a +4 ring of evasion (left claw)
 A - the amulet "Jukilura" (around neck) {Reflect rPois rF+ SH+5}
   (You found it on level 3 of the Elven Halls)

   [amulet of reflection]

   It reflects blocked missile attacks.
   rF:        It protects you from fire.
   rPois:     It protects you from poison.
   SH:        It affects your SH (+5).
 S - a ring of flight (right claw)
Scrolls
 a - 3 scrolls of poison
 h - a scroll of blinking
 y - 2 scrolls of teleportation
 M - 2 scrolls of silence
 P - 3 scrolls of summoning
 T - 4 scrolls of magic mapping
 U - 4 scrolls of fear
Potions
 j - 3 potions of lignification
 n - 3 potions of attraction
 q - a potion of cancellation
 s - 2 potions of magic
 t - 4 potions of ambrosia
 u - 4 potions of might
 z - 3 potions of haste
 B - 13 potions of curing
 F - 4 potions of resistance
 I - 4 potions of heal wounds
 K - 3 potions of invisibility


   Skills:
 - Level 14.0 Fighting
 - Level 11.2 Throwing
 - Level 9.0 Armour
 - Level 9.0 Dodging
 - Level 12.0 Shields
 + Level 17.6 Unarmed Combat
 - Level 5.0 Spellcasting
 - Level 6.0 Summonings
 * Level 9.4 Translocations


You had 9 spell levels left.
You knew the following spells:

 Your Spells              Type           Power      Damage    Failure   Level
b - Lesser Beckoning      Tloc           23%        N/A       3%          3
f - Summon Forest         Summ/Tloc      9%         N/A       52%         5
k - Blink                 Tloc           46%        N/A       1%          2
m - Manifold Assault      Tloc           23%        N/A       11%         4
t - Teleport Other        Tloc           23%        N/A       3%          3
w - Wereblood             Tmut           2%         N/A       58%         2

Your spell library contained the following spells:

 Spells                   Type           Power      Damage    Failure   Level
 Gell's Gravitas          Tloc           23%        N/A       3%          3
 Beastly Appendage        Tmut           4%         N/A       45%         1
 Freeze                   Ice            8%         1d3       45%         1
 Magic Dart               Conj           8%         1d3       45%         1
 Shock                    Conj/Air       8%         1d3       45%         1
 Poisonous Vapours        Pois/Air       4%         N/A       58%         2
 Searing Ray              Conj           4%         2d4       58%         2
 Static Discharge         Conj/Air       4%         2-3/arc   58%         2
 Iskenderun's Mystic Bla  Conj/Tloc      13%        2d5       58%         4
 Summon Ice Beast         Ice/Summ       9%         N/A       82%         4
 Summon Lightning Spire   Summ/Air       9%         N/A       82%         4
 Frozen Ramparts          Ice            4%         1d1       83%         3
 Mephitic Cloud           Conj/Pois/Air  2%         N/A       83%         3
 Spider Form              Tmut/Pois      2%         N/A       83%         3
 Swiftness                Air            2%         N/A       83%         3
 Dispersal                Tloc           11%        N/A       85%         6
 Airstrike                Air            1%         2d(1-17)  99%         4
 Hailstorm                Conj/Ice       2%         3d3       99%         4
 Ice Form                 Ice/Tmut       2%         N/A       99%         4
 Blade Hands              Tmut           1%         N/A       100%        5
 Freezing Cloud           Conj/Ice/Air   1%         6-21      100%        5
 Lee's Rapid Deconstruct  Erth           1%         3d5*      100%        5
 Lightning Bolt           Conj/Air       1%         1d12      100%        5
 Eringya's Noxious Bog    Tmut/Pois      1%         N/A       100%        6
 Statue Form              Tmut/Erth      1%         N/A       100%        6
 Summon Cactus Giant      Summ           7%         N/A       100%        6
 Monstrous Menagerie      Summ           7%         N/A       100%        7
 Storm Form               Tmut/Air       1%         N/A       100%        7
 Summon Hydra             Summ           7%         N/A       100%        7
 Disjunction              Tloc           11%        N/A       100%        8
 Lehudib's Crystal Spear  Conj/Erth      1%         10d2      100%        8
 Polar Vortex             Ice            1%         N/A       100%        9
 Portal Projectile        Hex/Tloc       Unusable   N/A       N/A         3
 Cigotuvi's Dreadful Rot  Necr/Pois/Air  Unusable   N/A       N/A         2
 Sublimation of Blood     Necr           Unusable   N/A       N/A         2
 Dazzling Flash           Conj/Hex       Unusable   N/A       N/A         3
 Ignite Poison            Fire/Tmut/Pois Unusable   N/A       N/A         3
 Tukima's Dance           Hex            Unusable   N/A       N/A         3
 Dispel Undead            Necr           Unusable   3d7       N/A         4
 Fulminant Prism          Conj/Hex       Unusable   3d6       N/A         4
 Leda's Liquefaction      Hex/Erth       Unusable   N/A       N/A         4
 Sticky Flame             Conj/Fire      Unusable   2d3       N/A         4
 Summon Mana Viper        Hex/Summ       Unusable   N/A       N/A         5
 Simulacrum               Ice/Necr       Unusable   N/A       N/A         6
 Starburst                Conj/Fire      Unusable   6d3       N/A         6

Dungeon Overview and Level Annotations

Branches:
Dungeon (15/15)            Temple (0/1) D:4            Lair (5/5) D:10
 Shoals (2/4) Lair:3       Spider (4/4) Lair:2        Slime (0/5) Lair:4
    Orc (2/2) D:9             Elf (3/3) Orc:2        Vaults (0/5) D:14
 Depths (0/4) D:15          Sewer (visited)          Bailey (visited)
Gauntlet (visited)

Altars:
Cheibriados
Elyvilon
Kikubaaqudgha
Nemelex Xobeh
Okawaru
Ru
Trog
Vehumet
Wu Jian
Xom
The Shining One

Shops:
D:6 *   D:9 =   D:15 [   Orc:2 [*(=

Annotations:
D:12 exclusion: downstairs
D:14 exclusion: upstairs, Azrael


Innate Abilities, Weirdness & Mutations

You are too large for most types of armour.
You have claws for hands.
Your natural rate of healing is unusually fast.
You are covered in fur. (AC +1)
You have tough skin. (AC +1)
You cannot study or use magical devices.
You cannot study or cast Fire magic.
You cannot study or cast Hexes magic.
You cannot study or cast Necromancy magic.
You are missing an eye, making it more difficult to aim.
You are sensitive to extremes of temperature. (rF-, rC-)
You have a somewhat thin skeletal structure. (Dex +2, Stealth+)
Your flesh is cold resistant. (rC+)
You are somewhat resistant to further mutation.
You passively map a small area around you.


Message History

You block the tentacle's attack.
The tentacle slaps you but does no damage.
The tentacle misses you. The kraken misses you. The tentacle misses you.
Unknown command.
You scratch the kraken but do no damage.
The kraken is almost dead.
The tentacle slaps you!
The tentacle slaps you but does no damage.
You block the tentacle's attack. The kraken completely misses you.
The tentacle slaps you!
* * * LOW HITPOINT WARNING * * *
You scratch the kraken.
The kraken is almost dead.
The tentacle is stunned by your conviction and fails to attack.
The tentacle closely misses you.
The tentacle slaps you but does no damage.
The kraken bites you!!
* * * LOW HITPOINT WARNING * * *
The tentacle slaps you!
* * * LOW HITPOINT WARNING * * *
The tentacle misses you. The tentacle slaps you.
* * * LOW HITPOINT WARNING * * *
Okay, then.
Unknown command.
You feel much better.
The tentacle stops glowing.
The tentacle is no longer moving slowly.
The kraken squirts a massive cloud of ink into the water!
The tentacle is stunned by your conviction and fails to attack.
You block the tentacle's attack. x2; The tentacle barely misses you.
The kraken closely misses you.
You mangle the kraken!!
The kraken is almost dead.
The tentacle completely misses you. The tentacle slaps you!
* * * LOW HITPOINT WARNING * * *
You focus your inner power and slow the tentacle in retribution!
You block the tentacle's attack. The tentacle slaps you.
* * * LOW HITPOINT WARNING * * *
A tentacle segment bursts forth from the water.
The tentacle slaps you!
You die...

~~~~...~~~~~.###.~~~~~~~≈≈
~
≈~~~..~~~~~~~.....~~≈≈≈≈≈≈
≈≈~~~~~~~~~~~...~~~~≈≈≈≈≈≈
≈≈~~~~~~~~~~~~~~~~~≈≈≈≈≈≈≈
≈≈≈≈≈≈≈≈≈≈~~~~~~~~≈≈≈≈≈≈≈≈
≈≈≈≈≈≈≈≈≈≈≈≈≈≈≈≈≈≈≈≈≈≈≈≈≈≈
~
≈≈≈≈≈≈≈§§§§§≈≈≈≈≈≈≈≈≈≈≈≈≈≈
≈≈≈≈≈≈≈§*ww§≈≈≈≈≈≈≈≈≈≈≈≈≈≈
≈≈≈≈≈§X@§≈≈≈≈≈≈≈≈≈≈≈≈≈≈≈ ~
~≈≈≈≈≈§ww§≈≈≈≈≈≈≈≈≈≈≈≈≈≈≈
≈≈≈≈≈§§§§≈≈≈≈≈≈≈≈≈≈≈≈≈≈≈
########################


You could see a kraken and 4 tentacles.

Vanquished Creatures
  Jorgrun (D:12)
  2 deep elf blademasters
  Gastronok (Orc:1)
  2 deep elf master archers (Elf:3)
  A tentacled starspawn (Abyss:1)
  Polyphemus (Shoals:2)
  A kraken (Shoals:1)
  Roxanne (D:14)
  4 emperor scorpions
  A cacodemon (Abyss:1)
  2 orc warlords (Orc:2)
  10 deep elf sorcerers (Elf:3)
  2 deep elf elementalists (Elf:3)
  A ghost moth (Spider:2)
  6 broodmothers
  A very ugly thing (D:13)
  Nessos (D:12)
  3 deep elf demonologists (Elf:3)
  2 dire elephants
  A minotaur (Gauntlet)
  3 entropy weavers
  5 spark wasps
  5 deep elf annihilators
  7 deep elf death magi (Elf:3)
  A merfolk impaler (Shoals:1)
  The ghost of bande the Cleaver, a journeyman HOFi of Beogh (D:11)
  7 deep elf high priests (Elf:3)
  Erolcha (Orc:1)
  2 vault guards (D:14)
  2 ogre magi
  7 boulder beetles
  The ghost of HilariousDeathArtist the Carver, a journeyman VSFi of Vehumet (D:11)
  5 jorogumos
  6 hydras
  2 catoblepae
  8 centaur warriors
  25 dancing weapons
  A radroach (Spider:4)
  10 two-headed ogres
  4 tengu warriors
  A merfolk aquamancer (Shoals:1)
  The ghost of Pooter the Skirmisher, a journeyman GrBe of Trog (D:11)
  A two-headed ogre (shapeshifter) (D:13)
  The ghost of timneilson the Blocker, a journeyman GrFi of Okawaru (D:11)
  A death scarab (Spider:3)
  4 death yaks
  A death knight (D:14)
  An orc high priest (Orc:2)
  Nergalle (D:12)
  A soul eater (Abyss:1)
  A wretched star (Abyss:1)
  12 deep elf knights
  Amaemon (D:10)
  2 pharaoh ants
  A shadow wraith (D:13)
  5 sun moths
  A sixfirhy (Abyss:1)
  A fire crab (Lair:5)
  Lodul (D:14)
  3 sea snakes (Shoals:1)
  2 steelbarb worms
  8 orb spiders
  2 wizards
  4 spectral wolf spiders (Spider:3)
  13 deep elf archers
  4 wolf spider zombies (Spider:3)
  2 lindwurms
  5 orc knights
  7 harpies
  27 deep elf pyromancers
  24 deep elf zephyrmancers
  8 ugly things
  An oklob plant (Lair:3)
  6 fauns
  2 moths of wrath
  A salamander (D:15)
  29 wolf spiders
  4 orc sorcerers
  9 manticores
  10 cyclopes
  A worldbinder (Abyss:1)
  3 merfolk sirens
  32 elephants
  A black mamba (shapeshifter) (Elf:3)
  Joseph (D:8)
  A smoke demon (Abyss:1)
  2 water nymphs (Shoals:1)
  A black mamba (Lair:1)
  A gargoyle (D:13)
  2 orange demons
  3 unseen horrors
  An alligator snapping turtle skeleton (Abyss:1)
  15 demonic crawlers
  9 torpor snails
  Psyche (D:8)
  Maggie (D:10)
  19 cane toads
  An efreet (D:14)
  A hellwing (Abyss:1)
  A rime drake (Lair:3)
  An ancient zyme (Abyss:1)
  11 merfolk
  7 komodo dragons
  11 trolls
  4 wind drakes (Shoals:1)
  2 wind drakes (shapeshifter)
  24 tarantellas
  3 wolf spider simulacra (Spider:3)
  4 polar bears
  10 meliai
  2 hornets
  A tarantella (shapeshifter) (Elf:2)
  4 tyrant leeches (Lair:5)
  4 dream sheep (Shoals:1)
  49 blink frogs
  14 slime creatures
  3 raiju (Abyss:1)
  2 snapping turtles
  A blink frog (shapeshifter) (D:14)
  21 culicivoras
  36 jumping spiders
  2 shadows
  3 wraiths
  2 ynoxinuls (Abyss:1)
  Sigmund (D:2)
  9 wyverns
  10 water elementals
  4 air elementals
  46 yaks
  2 fire elementals (Elf:3)
  8 humans (D:14)
  4 large abominations (Abyss:1)
  44 redbacks
  8 basilisks
  2 steam dragons
  7 vampire mosquitoes
  6 wargs
  A neqoxec (Abyss:1)
  An acid dragon (D:13)
  15 water moccasins
  Duvessa (D:7)
  A hell hound (D:14)
  27 orc warriors
  A sky beast (D:6)
  An ice beast (Abyss:1)
  2 black bears
  2 starcursed masses (Abyss:1)
  5 boggarts (D:14)
  8 ogres
  13 centaurs
  13 wolves
  4 phantoms
  3 kobold brigands
  13 bullfrogs
  2 gnoll sergeants
  2 scorpions
  2 earth elementals
  13 wights
  Dowan (D:7)
  5 small abominations (Abyss:1)
  3 jellies
  8 howler monkeys
  3 electric eels
  4 hounds
  18 orc priests
  An iron imp (Abyss:1)
  12 orc wizards
  4 iguanas
  Robin (D:3)
  12 gnolls
  6 river rats
  10 adders
  3 shadow imps
  5 white imps
  3 ufetubi
  3 worms
  2 dart slugs
  61 orcs
  6 bats
  10 endoplasms
  A giant cockroach (D:1)
  16 goblins
  12 hobgoblins
  4 jackals (D:1)
  3 quokkas
  16 ball pythons
  4 frilled lizards
  34 kobolds
  21 rats
1247 creatures vanquished.

Vanquished Creatures (others)
  A deep elf blademaster (Elf:3)
  A deep elf sorcerer (Elf:3)
  A deep elf elementalist (Elf:3)
  An entropy weaver (Spider:2)
  A deep elf death mage (Elf:3)
  A hydra (D:14)
  A dancing weapon (Elf:1)
  2 deep elf knights (Elf:1)
  2 deep elf zephyrmancers (Elf:2)
  2 deep elf pyromancers (Elf:1)
  A manticore (D:11)
  An ancient zyme (Abyss:1)
  A troll (Orc:1)
  A tarantella (Spider:4)
  2 jumping spiders
  A snapping turtle (Shoals:1)
  A water elemental (Elf:1)
  A culicivora (Spider:4)
  A vampire (D:13)
  2 humans (D:14)
  3 redbacks
  2 orc warriors
  A centaur (D:13)
  A bullfrog (Lair:4)
  An iron imp (Abyss:1)
  2 orc wizards
  An orc (Orc:2)
  A hobgoblin (D:8)
  A bush (Lair:5)
  51 fungi
  113 plants
  11 starspawn tentacles (Abyss:1)
  5 tentacles
  2 withered plants (D:11)
220 creatures vanquished.

Grand Total: 1467 creatures vanquished

Notes
Turn   | Place    | Note
-------+----------+-------------------------------------------
     0 | D:1      | porpoise the Troll Warper began the quest for the Orb.
     0 | D:1      | Reached XP level 1. HP: 19/19 MP: 1/1
   192 | D:1      | Reached XP level 2. HP: 28/28 MP: 2/2
   630 | D:1      | Reached skill level 3 in Unarmed Combat
   696 | D:1      | Found a faded altar of an unknown god.
   965 | D:2      | Reached XP level 3. HP: 35/35 MP: 3/3
  1044 | D:2      | Noticed Sigmund
  1057 | D:2      | Killed Sigmund
  1058 | D:2      | Reached skill level 4 in Unarmed Combat
  1058 | D:2      | Reached XP level 4. HP: 43/44 MP: 4/4
  1058 | D:2      | Reached XP level 5. HP: 51/52 MP: 5/5
  1316 | D:2      | Found a shimmering altar of Xom.
  1709 | D:3      | Found a radiant altar of Vehumet.
  1833 | D:3      | Reached skill level 5 in Unarmed Combat
  1926 | D:3      | Identified the +2 leather armour of Voracious Beauty {rElec
                  | Will+}
  2084 | D:3      | Noticed Robin
  2088 | D:3      | Killed Robin
  2097 | D:3      | Reached XP level 6. HP: 36/61 MP: 6/6
  2475 | D:4      | Found a white marble altar of Elyvilon.
  2479 | D:4      | Found an ornate altar of the Wu Jian Council.
  2487 | D:4      | Found a glowing golden altar of the Shining One.
  2488 | D:4      | Found a sacrificial altar of Ru.
  2491 | D:4      | Found a sparkling altar of Nemelex Xobeh.
  2492 | D:4      | Found an iron altar of Okawaru.
  2501 | D:4      | Became a worshipper of Ru the Awakened
  2790 | D:4      | Found a staircase to the Ecumenical Temple.
  2904 | D:5      | Entered Level 5 of the Dungeon
  2937 | D:5      | Reached skill level 6 in Unarmed Combat
  2987 | D:5      | Reached XP level 7. HP: 66/68 MP: 7/7
  3254 | D:5      | Reached skill level 7 in Unarmed Combat
  3534 | D:6      | Found Baumock's Serpentskin Sales.
  3546 | D:6      | Reached XP level 8. HP: 77/79 MP: 8/8
  3550 | D:6      | Reached skill level 8 in Unarmed Combat
  3558 | D:6      | Bought 2 curare-tipped darts for 13 gold pieces
  3558 | D:6      | Bought a +2 robe of poison resistance for 161 gold pieces
  3613 | D:6      | Found a glowing drain.
  3647 | D:6      | Found a snail-covered altar of Cheibriados.
  3649 | D:6      | Gained mutation: You are missing an eye, making it more
                  | difficult to aim. [Ru sacrifice]
  3649 | D:6      | Reached * piety under Ru
  3651 | Sewer    | Entered a sewer
  3901 | Sewer    | Reached skill level 5 in Fighting
  4842 | D:6      | Reached skill level 9 in Unarmed Combat
  5551 | D:7      | Noticed Duvessa
  5557 | D:7      | Noticed Dowan
  5564 | D:7      | Killed Duvessa
  5570 | D:7      | Killed Dowan
  5571 | D:7      | Reached XP level 9. HP: 88/89 MP: 9/9
  5632 | D:7      | Gained mutation: You are sensitive to extremes of
                  | temperature. (rF-, rC-) [Ru sacrifice]
  5632 | D:7      | Reached ** piety under Ru
  5632 | D:7      | Reached *** piety under Ru
  5765 | D:7      | Reached skill level 10 in Unarmed Combat
  5860 | D:8      | Paralysed by a hornet for 1 turns
  5895 | D:8      | Found a flagged portal.
  5895 | D:8      | Noticed Joseph
  5922 | D:8      | Killed Joseph
  5974 | Bailey   | Entered a bailey
  6103 | Bailey   | Noticed an orc knight
  6119 | Bailey   | Killed an orc knight
  6120 | Bailey   | Reached skill level 11 in Unarmed Combat
  6199 | Bailey   | Found a large runed translucent door.
  6199 | Bailey   | Found a large runed translucent door.
  6200 | Bailey   | Noticed a deep elf zephyrmancer
  6253 | Bailey   | Killed a deep elf zephyrmancer
  6260 | Bailey   | Identified the +0 leather armour "Zimos" {rElec Dex+2}
  6273 | Bailey   | Identified the +2 chain mail of Resonance {rElec}
  6367 | D:8      | Reached skill level 1 in Throwing
  6373 | D:8      | Learned a level 2 spell: Blink
  6393 | D:8      | Noticed Psyche
  6401 | D:8      | Gained mutation: Your muscles are strong. (Str +4, Int/Dex
                  | -1) [potion of mutation]
  6401 | D:8      | Gained mutation: You occasionally lose the ability to read
                  | scrolls when taking damage. [potion of mutation]
  6401 | D:8      | Gained mutation: You possess an exceptional clarity of
                  | mind. [potion of mutation]
  6458 | D:8      | Killed Psyche
  6459 | D:8      | Reached XP level 10. HP: 78/102 MP: 10/10
  6533 | D:6      | Bought a ring of poison resistance for 220 gold pieces
  6595 | D:8      | Reached skill level 12 in Unarmed Combat
  7256 | D:9      | Found Vunuahewip's Jewellery Shoppe.
  7495 | D:9      | Noticed a two-headed ogre
  7508 | D:9      | Killed a two-headed ogre
  7613 | D:9      | Found a staircase to the Orcish Mines.
  7738 | D:9      | Noticed a two-headed ogre
  7749 | D:9      | Killed a two-headed ogre
  8124 | D:9      | Identified the +0 robe "Kowionaa" {rC+ Will+ Stlth+}
  8259 | D:10     | Entered Level 10 of the Dungeon
  8352 | D:10     | Gained mutation: You cannot study or cast Fire magic. [Ru
                  | sacrifice]
  8352 | D:10     | Gained mutation: You cannot study or cast Hexes magic. [Ru
                  | sacrifice]
  8352 | D:10     | Gained mutation: You cannot study or cast Necromancy magic.
                  | [Ru sacrifice]
  8352 | D:10     | Reached **** piety under Ru
  8358 | D:10     | Reached XP level 11. HP: 111/111 MP: 11/11
  8503 | D:10     | Noticed Maggie
  8517 | D:10     | Killed Maggie
  8675 | D:10     | Noticed Amaemon
  8700 | D:10     | Killed Amaemon
  8701 | D:10     | Reached skill level 5 in Throwing
  8701 | D:10     | Reached skill level 5 in Dodging
  9026 | D:10     | Found a staircase to the Lair.
  9526 | D:10     | Noticed a boulder beetle
  9539 | D:10     | Killed a boulder beetle
  9820 | Lair:1   | Entered Level 1 of the Lair of Beasts
  9997 | Lair:1   | Reached skill level 1 in Armour
 10503 | Lair:1   | Noticed a death yak
 10519 | Lair:1   | Killed a death yak
 10539 | Lair:1   | Reached XP level 12. HP: 91/126 MP: 12/12
 10578 | Lair:1   | Noticed a death yak
 10605 | Lair:1   | Killed a death yak
 10608 | Lair:1   | Reached skill level 1 in Evocations
 10633 | Lair:1   | Reached skill level 10 in Fighting
 10660 | Lair:1   | Gained mutation: You cannot study or use magical devices.
                  | [Ru sacrifice]
 10660 | Lair:1   | Reached ***** piety under Ru
 10660 | Lair:1   | Reached ****** piety under Ru
 11059 | Lair:1   | Lost mutation: Your muscles are strong. (Str +4, Int/Dex
                  | -1) [potion of mutation]
 11059 | Lair:1   | Lost mutation: You possess an exceptional clarity of mind.
                  | [potion of mutation]
 11059 | Lair:1   | Lost mutation: You occasionally lose the ability to read
                  | scrolls when taking damage. [potion of mutation]
 11059 | Lair:1   | Gained mutation: Your system is resistant to poisons.
                  | (rPois) [potion of mutation]
 11059 | Lair:1   | Gained mutation: You are strong-willed. (Will+) [potion of
                  | mutation]
 11059 | Lair:1   | Gained mutation: You are agile. (Dex +4, Str/Int -1)
                  | [potion of mutation]
 11202 | Lair:2   | Reached skill level 5 in Armour
 11348 | Lair:2   | Found a hole to the Spider Nest.
 12000 | Lair:3   | Found a staircase to the Shoals.
 12169 | Lair:3   | Noticed a seven-headed hydra
 12178 | Lair:3   | Killed a seven-headed hydra
 12507 | Lair:3   | Reached XP level 13. HP: 137/137 MP: 13/13
 12918 | Lair:3   | You fall into a shaft and drop 2 floors!
 12918 | Lair:5   | Entered Level 5 of the Lair of Beasts
 12940 | Lair:4   | Found a staircase to the Slime Pits.
 13425 | Lair:4   | Identified the +0 pair of gloves of the Cartwright {rPois
                  | Will+}
 13990 | Lair:4   | Found a bloodstained altar of Trog.
 14901 | Lair:4   | Reached skill level 13 in Unarmed Combat
 15807 | Lair:5   | Reached XP level 14. HP: 149/149 MP: 17/17
 15958 | Lair:5   | Reached skill level 14 in Unarmed Combat
 15968 | Lair:5   | Reached skill level 5 in Translocations
 16508 | Lair:5   | Got the Quarto of Fetching Glaciation
 17285 | D:11     | Found a runed translucent gate.
 17285 | D:11     | Found a runed translucent gate.
 17286 | D:11     | Found a runed translucent gate.
 17287 | D:11     | Noticed timneilson's ghost (journeyman GrFi)
 17287 | D:11     | Noticed HilariousDeathArtist's ghost (journeyman VSFi)
 17288 | D:11     | Noticed Pooter's ghost (journeyman GrBe)
 17288 | D:11     | Noticed bande's ghost (journeyman HOFi)
 17634 | D:12     | Found a gate leading to a gauntlet.
 17644 | Gauntlet | Entered a Gauntlet
 17644 | Gauntlet | Found a transporter.
 17645 | Gauntlet | Found a large runed translucent door.
 17646 | Gauntlet | Found a large runed translucent door.
 17647 | Gauntlet | Found a large runed translucent door.
 17647 | Gauntlet | Found a large runed translucent door.
 17647 | Gauntlet | Found a runed translucent door.
 17648 | Gauntlet | Found a large runed translucent door.
 17649 | Gauntlet | Found a large runed translucent door.
 17650 | Gauntlet | Found a large runed translucent door.
 17650 | Gauntlet | Found a large runed translucent door.
 17651 | Gauntlet | Found a runed translucent gate.
 17651 | Gauntlet | Found a runed translucent gate.
 17653 | Gauntlet | Found a transporter.
 17661 | Gauntlet | Found a runed translucent gate.
 17661 | Gauntlet | Found a runed translucent door.
 17662 | Gauntlet | Found a large runed translucent door.
 17662 | Gauntlet | Found a large runed translucent door.
 17663 | Gauntlet | Found a large runed translucent door.
 17664 | Gauntlet | Found a large runed translucent door.
 17668 | Gauntlet | Found a transporter.
 17673 | Gauntlet | Found a transporter.
 17688 | Gauntlet | Found a transporter.
 17707 | Gauntlet | Found a transporter.
 17722 | Gauntlet | Found a transporter.
 17731 | Gauntlet | Found a transporter.
 17743 | Gauntlet | Found a transporter.
 17755 | Gauntlet | Found a transporter.
 17774 | Gauntlet | Found a transporter.
 17789 | Gauntlet | Found a transporter.
 17791 | Gauntlet | Found a transporter.
 17816 | Gauntlet | Found a transporter.
 17818 | Gauntlet | Found a transporter.
 17834 | Gauntlet | Found a large runed translucent door.
 17834 | Gauntlet | Found a large runed translucent door.
 17835 | Gauntlet | Found a large runed translucent door.
 17836 | Gauntlet | Found a large runed translucent door.
 17838 | Gauntlet | Found a transporter.
 17840 | Gauntlet | Found a transporter.
 17948 | Gauntlet | Found a transporter.
 18074 | Gauntlet | Identified the +0 helmet of Kezois {-Cast rC+ rCorr Dex+3}
 18232 | Gauntlet | Identified the +1 cloak of the Camelopard {Str+3 SInv}
 18501 | D:12     | Noticed Nessos
 18508 | D:12     | Killed Nessos
 18553 | D:12     | Noticed Jorgrun
 18582 | D:12     | Killed Jorgrun
 18682 | D:12     | Noticed Nergalle
 18694 | D:12     | Killed Nergalle
 19438 | D:13     | You fall into a shaft and drop 2 floors!
 19438 | D:15     | Entered Level 15 of the Dungeon
 19445 | D:15     | Found Amoragegh's Antique Armour Shoppe.
 19454 | D:15     | Bought a bloodstained tower shield for 209 gold pieces
 19454 | D:15     | Identified the +0 tower shield "Doif" {rElec rCorr Str-5
                  | Dex+4} (You bought it in a shop on level 15 of the Dungeon)
 19517 | D:14     | Noticed Lodul
 19525 | D:14     | Killed Lodul
 19526 | D:14     | Reached XP level 15. HP: 156/156 MP: 18/18
 19804 | D:14     | Found an iron altar of Okawaru.
 19937 | D:14     | Reached skill level 1 in Shields
 20137 | D:14     | Found a gate to the Vaults.
 20953 | D:14     | Noticed Roxanne
 20975 | D:14     | Killed Roxanne
 20989 | D:14     | Noticed Azrael
 21606 | D:13     | Learned a level 5 spell: Summon Forest
 22057 | D:15     | Reached skill level 5 in Shields
 22269 | D:15     | Found a staircase to the Depths.
 23284 | Orc:1    | Entered Level 1 of the Orcish Mines
 23284 | Orc:1    | Noticed Erolcha
 23456 | Abyss:1  | Cast into level 1 of the Abyss (Erolcha)
 23514 | Abyss:1  | Noticed a tentacled starspawn
 23523 | Abyss:1  | Killed a tentacled starspawn
 23674 | Abyss:1  | Found a blossoming altar of Fedhas.
 23700 | Abyss:1  | HP: 2/156 [starcursed mass/accursed screaming (11)]
 23866 | Abyss:1  | Gained mutation: You are weak. (Str -2) [a neqoxec]
 23869 | Abyss:1  | Gained mutation: You occasionally lose the ability to read
                  | scrolls when taking damage. [a neqoxec]
 23927 | Abyss:1  | Found a candlelit altar of Ignis.
 24059 | Abyss:1  | Noticed a tentacled starspawn
 24064 | Abyss:1  | Gained mutation: You are occasionally teleported next to
                  | monsters. [a cacodemon]
 24103 | Abyss:1  | Noticed a tentacled starspawn
 24110 | Orc:1    | Escaped the Abyss
 24121 | Orc:1    | Killed Erolcha
 24212 | Orc:1    | Noticed Gastronok
 24224 | Orc:1    | Killed Gastronok
 24225 | Orc:1    | Reached XP level 16. HP: 110/165 MP: 22/22
 24665 | D:11     | Killed HilariousDeathArtist's ghost
 24673 | D:11     | Killed bande's ghost
 24684 | D:11     | Killed Pooter's ghost
 24715 | D:11     | Killed timneilson's ghost
 24747 | D:11     | Lost mutation: You occasionally lose the ability to read
                  | scrolls when taking damage. [potion of mutation]
 24747 | D:11     | Lost mutation: Your system is resistant to poisons. (rPois)
                  | [potion of mutation]
 24747 | D:11     | Gained mutation: You are partially covered in iridescent
                  | scales. (AC +2) [potion of mutation]
 24747 | D:11     | Lost mutation: You are partially covered in iridescent
                  | scales. (AC +2) [potion of mutation]
 24747 | D:11     | Gained mutation: You passively dampen the noise of your
                  | surroundings. [potion of mutation]
 24806 | Orc:2    | Entered Level 2 of the Orcish Mines
 24807 | Orc:2    | Found a staircase to the Elven Halls.
 24942 | Orc:1    | Reached skill level 5 in Spellcasting
 25292 | Orc:2    | Found Henge's General Store.
 25344 | Orc:2    | Bought 2 potions of haste for 240 gold pieces
 25344 | Orc:2    | Bought a potion of cancellation for 96 gold pieces
 25353 | Orc:2    | Found Fywoq's Antique Armour Shoppe.
 25551 | Orc:2    | Found Ostuohelaz's Jewellery Shoppe.
 25625 | Orc:2    | Found Bugiurege's Antique Weapon Shoppe.
 25882 | Lair:1   | Upgraded the game from 0.30-a0-123-g91d0c66ccf to
                  | 0.30-a0-125-g51eefa89be
 25914 | Spider:1 | Entered Level 1 of the Spider Nest
 26552 | Lair:2   | Reached skill level 1 in Summonings
 28866 | Spider:3 | Reached skill level 15 in Unarmed Combat
 29013 | Spider:3 | Reached skill level 10 in Shields
 29330 | Spider:3 | Reached XP level 17. HP: 101/171 MP: 23/23
 29848 | Spider:3 | Identified the amulet of the Elephant {Acrobat rC+}
 29967 | Spider:3 | Identified the +0 robe of Untold Secrets {+Blink rCorr
                  | Int+8 Slay-4}
 30046 | Spider:4 | Entered Level 4 of the Spider Nest
 30451 | Spider:4 | Identified the +1 plate armour "Plog" {rF+ rN+}
 31202 | Spider:4 | Reached skill level 16 in Unarmed Combat
 32216 | Spider:4 | Got a gossamer rune of Zot
 32233 | Spider:4 | Lost mutation: You are agile. (Dex +4, Str/Int -1) [potion
                  | of mutation]
 32233 | Spider:4 | Lost mutation: You passively dampen the noise of your
                  | surroundings. [potion of mutation]
 32233 | Spider:4 | Gained mutation: You passively map a small area around you.
                  | [potion of mutation]
 32233 | Spider:4 | Gained mutation: You have a somewhat thin skeletal
                  | structure. (Dex +2, Stealth+) [potion of mutation]
 32233 | Spider:4 | Gained mutation: You have a pair of small antennae on your
                  | head. [potion of mutation]
 32233 | Spider:4 | Gained mutation: Your flesh is cold resistant. (rC+)
                  | [potion of mutation]
 32603 | Orc:2    | Bought a scroll of enchant armour for 90 gold pieces
 32603 | Orc:2    | Bought a scroll of noise for 12 gold pieces
 32670 | Orc:2    | Bought a ring of positive energy for 260 gold pieces
 32942 | Elf:1    | Entered Level 1 of the Elven Halls
 32982 | Elf:1    | Identified a scroll of acquirement
 33121 | Elf:1    | Acquired the quicksilver dragon scales "Lagh" {rElec Will+
                  | rCorr Str+4}
 33468 | Elf:1    | Reached skill level 10 in Throwing
 33532 | Elf:1    | Reached XP level 18. HP: 182/183 MP: 24/24
 33539 | Elf:1    | Got Sif Muna's Book of Plaster Cramp
 34257 | Elf:2    | Found a flickering gateway to a bazaar.
 34264 | Bazaar   | Entered a bazaar
 34264 | Bazaar   | Found Biebriof's Weapon Shop.
 34278 | Bazaar   | Found Vegawaf's Distillery.
 34282 | Bazaar   | Found Uqeoblay's Assorted Antiques.
 34284 | Bazaar   | Found Goen's Book Shop.
 34319 | Bazaar   | Bought a scroll of magic mapping for 165 gold pieces
 34319 | Bazaar   | Bought a potion of ambrosia for 176 gold pieces
 34329 | Bazaar   | Bought 2 potions of invisibility for 240 gold pieces
 34329 | Bazaar   | Bought a potion of heal wounds for 75 gold pieces
 34335 | Bazaar   | Bought a book of Weapons for 280 gold pieces
 34348 | Bazaar   | Bought a scroll of noise for 22 gold pieces
 34632 | Elf:2    | Found an ancient bone altar of Kikubaaqudgha.
 35207 | Elf:2    | Found a huge runed translucent gate.
 35208 | Elf:2    | Found a huge runed translucent gate.
 35209 | Elf:2    | Found a huge runed translucent gate.
 35332 | Elf:2    | Found a huge runed translucent gate.
 35332 | Elf:2    | Found a huge runed translucent gate.
 35726 | Elf:2    | Learned a level 4 spell: Manifold Assault
 35729 | Elf:2    | Learned a level 2 spell: Wereblood
 35733 | Elf:2    | Learned a level 3 spell: Lesser Beckoning
 36363 | Elf:3    | Entered Level 3 of the Elven Halls
 36477 | Elf:3    | Noticed a Tzitzimitl
 36628 | Elf:3    | Paralysed by an air elemental for 1 turns
 37050 | Elf:3    | Reached skill level 17 in Unarmed Combat
 37279 | Elf:3    | Reached skill level 5 in Summonings
 37949 | Elf:3    | Identified the amulet "Jukilura" {Reflect rPois rF+ SH+5}
 38155 | Elf:3    | Reached XP level 19. HP: 160/188 MP: 25/25
 38468 | Elf:3    | Found the +3 crown of Dyrovepreva {rElec Int+2 SInv}
 38491 | Elf:3    | Identified the +9 longbow of the Slime-mould {vorpal, rPois
                  | Str-5 Int+4 SInv}
 38905 | Lair:1   | Lost mutation: You have a pair of small antennae on your
                  | head. [potion of mutation]
 38905 | Lair:1   | Lost mutation: You are occasionally teleported next to
                  | monsters. [potion of mutation]
 38905 | Lair:1   | Lost mutation: You are strong-willed. (Will+) [potion of
                  | mutation]
 38905 | Lair:1   | Lost mutation: You are weak. (Str -2) [potion of mutation]
 38905 | Lair:1   | Gained mutation: You are somewhat resistant to further
                  | mutation. [potion of mutation]
 38967 | Shoals:1 | Entered Level 1 of the Shoals
 39552 | Shoals:1 | Learned a level 3 spell: Teleport Other
 40295 | Shoals:2 | Noticed Polyphemus
 40319 | Shoals:2 | Killed Polyphemus
 40640 | Shoals:2 | Slain by a tentacle

Illustrated notes

Levels and vault maps discovered:
D:1:      dpeg_arrival_central, layout_basic,
          shapermc_ecumenical_altar_mp_ritualfount, minmay_indecisive_spiral
D:2:      minmay_spotlight, layout_basic, basic_altar, uniq_sigmund
D:3:      layout_basic, lemuel_crystal_altar, uniq_robin
D:4:      layout_basic, grunt_temple_overflow_open,
          minmay_temple_entry_stoned_glass
D:5:      layout_rooms
D:6:      layout_loops_ring, cheibriados_altar_1, portal_sewer_entry_a,
          guppyfry_shop_venom
D:7:      layout_loops_corners, uniq_duvessa
D:8:      layout_rooms, enter_bailey_4, uniq_joseph, uniq_psyche
D:9:      layout_basic, erik_orc_4, serial_shops, nicolae_stop_n_shop_1,
          chequers_serial_rivers_marsh, kennysheep_minor_cross
D:10:     layout_stronghold, grunt_lair_entry_orc_guard_hut, uniq_maggie,
          uniq_amaemon
D:11:     layout_cave_pools, gammafunk_ghost_cemetery
D:12:     layout_basic, gauntlet_entry_generic, uniq_nergalle, uniq_jorgrun,
          uniq_nessos
D:13:     minmay_isolated_rectangles_in_corner, layout_rooms
D:14:     layout_irregular_city, ximxim_vaults_locker_room, lemuel_tele_altar,
          kennysheep_opposing_triangles, uniq_roxanne, uniq_lodul, uniq_azrael
D:15:     hangedman_depths_entry_try_elsewhere_first, layout_loops_cross,
          serial_shops, shop_fountains, minivault_26
Lair:1:   layout_chaotic_city, serial_bayou_shore_a, grunt_megastairs_4
Lair:2:   layout_chaotic_city, spider_nest_entry_rubble, grunt_megastairs_1,
          infiniplex_staircase_pool_2, lemuel_fruit_fields
Lair:3:   layout_roguey, elwin_shoals_entry_stream, minivault_26,
          lemuel_fruit_fields
Lair:4:   layout_long_grid, minmay_slime_entry_oklob_open, basic_altar,
          grunt_megastairs_3
Lair:5:   minmay_lair_end_frog_pond, layout_loops_ring,
          infiniplex_staircase_pool
Shoals:1: layout_shoals
Shoals:2: layout_shoals, nicolae_shoals_spring_well_temple, uniq_polyphemus
Spider:1: layout_spider_delve
Spider:2: layout_cave_pods, nicolae_spider_eight_legs
Spider:3: layout_spider_delve, nicolae_spider_undead_wolf_pack
Spider:4: grunt_spider_rune_island, nicolae_crawler_farm
Orc:1:    layout_caves, uniq_gastronok, uniq_erolcha
Orc:2:    grunt_orc_cross, layout_caves
Elf:1:    layout_gridlike, hangedman_elven_crosses_minicolossus,
          bh_hangedman_babel_library
Elf:2:    elven_hall_of_blades_hangedman_alternative
          [nicolae_blade_entry_pointy_end], layout_gridlike, serial_shops,
          bzr_entry_road, basic_altar
Elf:3:    minmay_elf_hall_spiked, layout_gridlike

Skill      XL: |  1  2  3  4  5  6  7  8  9 10 11 12 13 14 15 16 17 18 19 |
---------------+----------------------------------------------------------+-----
Fighting       | 2 3 4 5 7 8 9 11 12 14 | 14.0
Unarmed Combat | 3 4 5 6 7 9 11 12 13 14 15 16 17 | 17.6
Throwing       | 1 4 6 8 9 10 11 | 11.2
Dodging        | 2 4 6 7 9 |  9.0
Armour         | 3 6 7 9 |  9.0
Evocations     | 0 |  0.0
Spellcasting   | 3 4 5 |  5.0
Translocations | 4 5 6 7 8 9 |  9.4
Shields        | 7 10 12 | 12.0
Summonings     | 1 5 6 |  6.0

Action                   |  1- 3 |  4- 6 |  7- 9 | 10-12 | 13-15 | 16-18 | 19-21 || total
-------------------------+-------+-------+-------+-------+-------+-------+-------++-------
Melee: Unarmed           |    56 |   103 |   387 |   717 |  1674 |  2070 |   309 ||  5316
       Punch             |     1 |     2 |    10 |    47 |    83 |       |       ||   143
       Flail             |       |       |       |     6 |    20 |       |       ||    26
       Scimitar          |       |       |       |       |     2 |       |       ||     2
 Fire: Sling             |    15 |    59 |    58 |    45 |   119 |       |       ||   296
Throw: Dart              |       |       |     2 |    10 |       |    17 |       ||    29
       Large rock        |       |       |       |       |    88 |   134 |    10 ||   232
       Boomerang         |       |       |       |       |       |    30 |       ||    30
       Javelin           |       |       |       |       |       |    23 |       ||    23
 Cast: Lesser Beckoning  |       |       |       |       |       |     1 |    13 ||    14
       Blink             |       |       |       |       |       |       |     1 ||     1
Invok: Sacrifice an Eye  |       |       |     1 |       |       |       |       ||     1
       Sacrifice Resista |       |       |     1 |       |       |       |       ||     1
       Sacrifice Arcana  |       |       |       |     1 |       |       |       ||     1
       Sacrifice Artific |       |       |       |     1 |       |       |       ||     1
       Power Leap        |       |       |       |       |     3 |     4 |       ||     7
       Apocalypse        |       |       |       |       |       |     8 |       ||     8
Evoke: Wand              |       |       |    10 |     3 |       |       |       ||    13
       Piece from Xom's  |       |       |     1 |     2 |       |       |       ||     3
  Use: Scroll            |       |     8 |    13 |     9 |    15 |    17 |       ||    62
       Potion            |       |       |     5 |     2 |     9 |    17 |     2 ||    35
 Stab: Sleeping          |       |     1 |       |       |     1 |     3 |       ||     5
       Distracted        |       |       |     1 |     2 |    12 |    14 |     2 ||    31
       Invisible         |       |       |       |     7 |    17 |    22 |     3 ||    49
       Paralysed         |       |       |       |     3 |    17 |    22 |     3 ||    45
       Petrified         |       |       |       |       |     2 |       |       ||     2
Armor: Robe              |    19 |    27 |   101 |     1 |       |       |       ||   148
       Acid dragon scale |       |       |       |    45 |       |       |       ||    45
       Swamp dragon scal |       |       |       |   202 |   782 |   615 |       ||  1599
       Quicksilver drago |       |       |       |       |       |   146 |    52 ||   198
Dodge: Dodged            |    34 |    48 |   219 |   424 |  1293 |  1223 |   131 ||  3372
Block: Other             |       |    12 |    47 |       |       |       |       ||    59
       Tower shield      |       |       |       |       |   666 |   263 |       ||   929
       Kite shield       |       |       |       |       |       |  1041 |   239 ||  1280
       Reflection        |       |       |       |       |       |       |    16 ||    16

Table legend: (Time is in decaauts)
 A = Elapsed time spent in this place.
 B = Non-inter-level travel time spent in this place.
 C = Inter-level travel time spent in this place.
 D = Time resting spent in this place.
 E = Time spent auto-exploring this place.
 F = Levels seen in this place.
 G = Mean time per level.
                   A        B        C        D        E       F      G
               +--------+--------+--------+--------+--------+-----+--------+
         Total |  40050 |  36729 |   3321 |   8038 |  15848 |  36 | 1112.5 |
       Dungeon |  15393 |  13890 |   1503 |   2510 |   7655 |  15 | 1026.2 |
          Lair |   8709 |   7673 |   1036 |   2208 |   2683 |   5 | 1741.8 |
        Shoals |   1611 |   1572 |     39 |    324 |    854 |   2 |  805.5 |
   Spider Nest |   5410 |   5169 |    241 |   1413 |   1777 |   4 | 1352.5 |
  Orcish Mines |   1605 |   1347 |    258 |    100 |    784 |   2 |  802.5 |
   Elven Halls |   4969 |   4727 |    242 |   1202 |   1596 |   3 | 1656.3 |
         Abyss |    655 |    655 |      0 |    141 |    185 |   1 |  655.0 |
        Bazaar |    125 |    125 |      0 |      0 |     12 |   1 |  125.0 |
         Sewer |    576 |    576 |      0 |    100 |      5 |   1 |  576.0 |
        Bailey |    336 |    336 |      0 |     37 |      0 |   1 |  336.0 |
      Gauntlet |    657 |    657 |      0 |      0 |    296 |   1 |  657.0 |
               +--------+--------+--------+--------+--------+-----+--------+

Top non-repeatable levels by time:
  Lair:1: 2467 daAuts
   Elf:3: 2225 daAuts
  Lair:4: 2055 daAuts
    D:10: 2013 daAuts
    D:14: 1915 daAuts
Spider:4: 1726 daAuts
Spider:3: 1561 daAuts
  Lair:2: 1531 daAuts
   Elf:2: 1447 daAuts
  Lair:5: 1398 daAuts
     D:9: 1379 daAuts
Spider:2: 1297 daAuts
   Elf:1: 1296 daAuts
  Lair:3: 1256 daAuts
Shoals:1: 1116 daAuts
